 Dungeon Crawl Stone Soup version 0.23.0-33-g5e6c059fef (webtiles) character file.

Game seed: 15485836791338442392

747 potatolover the Digger (level 7, 0/50 HPs)
             Began as a Centaur Earth Elementalist on Feb 27, 2019.
             Was an Initiate of Nemelex Xobeh.
             Killed from afar by an orc wizard (13 damage)
             ... with a puff of frost
             ... on level 5 of the Dungeon.
             The game lasted 00:48:26 (6267 turns).

potatolover the Digger (Centaur Earth Elementalist) Turns: 6267, Time: 00:48:26

Health: 0/50       AC:  6    Str: 11    XL:     7   Next: 48%
Magic:  13/13      EV:  9    Int: 16    God:    Nemelex Xobeh [......]
Gold:   177        SH:  0    Dex:  9    Spells: 14/15 levels left

rFire    + . .     SeeInvis .   w - -2 short sword (curse)
rCold    . . .     Gourm    .   (no shield)
rNeg     . . .     Faith    .   h - +2 leather armour {rF+}
rPois    .         Spirit   .   (no helmet)
rElec    .         Reflect  .   (no cloak)
rCorr    .         Harm     .   (no gloves)
MR       .....                  (no barding)
Stlth    +.........             (no amulet)
HPRegen  0.16/turn              m - ring of wizardry
MPRegen  0.13/turn              (no ring)

@: very quick
A: large, hooves 3, deformed body, speed 2, tough skin 3
a: Draw Escape, Draw Destruction, Draw Summoning, Renounce Religion


You were on level 5 of the Dungeon.
You worshipped Nemelex Xobeh.
Nemelex Xobeh was noncommittal.
You were hungry.

You visited 2 branches of the dungeon, and saw 7 of its levels.

You collected 177 gold pieces.

Inventory:

Hand Weapons
 e - a +0 dagger
 f - a +0 short sword
 l - a +0 short sword
 r - a +0 short sword
 w - a cursed -2 short sword (weapon)
Missiles
 b - 2 stones (quivered)
 A - 12 sling bullets
Armour
 a - a +2 buckler
 c - a +0 robe
 h - a +2 leather armour of fire resistance (worn)
 o - a +0 helmet
Jewellery
 m - a ring of wizardry (left hand)
Wands
 z - a wand of paralysis (9)
 C - a wand of flame (12)
Scrolls
 s - a scroll of enchant weapon
 t - 2 scrolls of enchant armour
 u - a scroll of amnesia {unknown}
 y - a scroll of identify
 B - 2 scrolls of remove curse {unknown}
Potions
 g - 2 potions of lignification
 i - a potion of resistance {unknown}
 j - 2 potions of degeneration {unknown}
 k - a potion of flight {unknown}
 n - a potion of invisibility {unknown}
 p - a potion of berserk rage {unknown}
 q - a potion of cancellation {unknown}
 v - a potion of curing {unknown}
 x - a potion of heal wounds
Comestibles
 d - 4 rations


   Skills:
 - Level 1.6 Dodging
 - Level 1.3 Stealth
 + Level 4.5 Spellcasting
   Level 0.8 Transmutations
 + Level 6.0 Earth Magic


You had 14 spell levels left.
You knew the following spells:

 Your Spells              Type           Power        Failure   Level  Hunger
a - Sandblast             Erth           ###...       1%          1    None

Your spell library contained the following spells:

 Spells                   Type           Power        Failure   Level  Hunger
 Passwall                 Tmut/Erth      ##......     3%          2    ##.....
 Stone Arrow              Conj/Erth      ##....       8%          3    ###....
 Magic Dart               Conj           #...         9%          1    None
 Blink                    Tloc           N/A          13%         2    ##.....
 Call Imp                 Summ           #.......     13%         2    ##.....
 Slow                     Hex            #.......     13%         2    ##.....
 Petrify                  Tmut/Erth      ##......     21%         4    ####...
 Lee's Rapid Deconstruct  Erth           ###.......   21%         5    ######.
 Conjure Flame            Conj/Fire      #.......     26%         3    ###....
 Mephitic Cloud           Conj/Pois/Air  #.......     26%         3    ###....


Dungeon Overview and Level Annotations

Branches:
Dungeon (6/15)             Temple (1/1) D:4

Altars:
Cheibriados
Elyvilon
Fedhas
Gozag
Hepliaklqana
Kikubaaqudgha
Makhleb
Nemelex Xobeh
Ru
Uskayaw
Vehumet
Wu Jian
Zin
The Shining One


Innate Abilities, Weirdness & Mutations

You have hooves in place of feet.
Armour fits poorly on your strangely shaped body.
You cover ground very quickly.
You have extremely tough skin. (AC +3)


Message History

A gnoll shaman comes into view. It is wielding a +0 whip.
A gnoll comes into view.
It is wielding a +0 war axe of electrocution.
The gnoll shaman calls upon its god to speed up the gnoll.
The gnoll seems to speed up.
A gnoll comes into view. It is wielding a +0 whip.
The gnoll shouts!
The gnoll shaman hits you but does no damage.
The gnoll throws a stone.
The stone barely misses you.
The orc wizard casts a spell.
The orc wizard flickers and vanishes!
Deactivating autopickup; reactivate with Ctrl-A.
Found a leatherbound book.
You are feeling hungry.
A magic dart appears from out of thin air!
The magic dart hits you.
* * * LOW HITPOINT WARNING * * *
A puff of frost appears from out of thin air!
The puff of frost hits you!
You die...
Your body disappears without a glow.

#.# ##.#### #.# #...... #.#
#..#### #.# #..#### ## ## #.#
##.....# ##.###.# #.###...##.#
##...#.#.## #...#.####.#
####.....###.########.#.####.#
.............@(..............#
##.....###.##.####.##..#####
####:..#.#)###o# #.##..#
#..........# #.# #.##..#
#.####.##{## #.# #.##..# #.
#g# #.# #.##..# #. #.#####.#
#.##..# #. #g...g..# #.# .##
.. #######g.....#


You could see a gnoll.

Vanquished Creatures
  A sky beast (D:5)
  A scorpion (D:4)
  A bullfrog zombie (D:5)
  A crimson imp (D:5)
  3 hounds
  A centaur skeleton (D:5)
  An iguana (D:4)
  2 orc wizards
  3 worker ants
  A hound skeleton (D:4)
  Robin (D:2)
  3 gnolls (D:5)
  6 adders
  4 worms
  4 dart slugs
  7 leopard geckos
  6 orcs
  5 ball pythons
  9 giant cockroaches
  18 goblins
  5 hobgoblins
  13 jackals
  10 kobolds
  3 quokkas (D:4)
  4 bats
  12 frilled lizards
  A quokka skeleton (D:4)
  7 rats
133 creatures vanquished.

Vanquished Creatures (others)
  A leopard gecko (D:5)
1 creature vanquished.

Grand Total: 134 creatures vanquished

Notes
Turn   | Place    | Note
-------+----------+-------------------------------------------
     0 | D:1      | potatolover the Centaur Earth Elementalist began the quest
                  | for the Orb.
     0 | D:1      | Reached XP level 1. HP: 14/14 MP: 3/3
   147 | D:1      | Reached skill level 3 in Earth Magic
   164 | D:1      | Reached XP level 2. HP: 15/20 MP: 1/4
   257 | D:1      | HP: 1/20 [jackal (2)]
   919 | D:1      | Found a glowing golden altar of the Shining One.
   924 | D:1      | Reached XP level 3. HP: 21/26 MP: 5/5
  1200 | D:2      | Found a sacrificial altar of Ru.
  1483 | D:2      | Reached XP level 4. HP: 30/33 MP: 5/7
  1534 | D:2      | Noticed Robin
  1568 | D:1      | HP: 1/33 [goblin/+0 club[Robin] (4)]
  2008 | D:2      | Reached skill level 4 in Earth Magic
  2298 | D:2      | Killed Robin
  2298 | D:2      | Reached XP level 5. HP: 38/38 MP: 2/9
  2531 | D:3      | Found a blossoming altar of Fedhas.
  3558 | D:4      | Reached XP level 6. HP: 43/45 MP: 2/11
  3690 | D:4      | Found a staircase to the Ecumenical Temple.
  3696 | Temple   | Entered the Ecumenical Temple
  3959 | Temple   | Became a worshipper of Nemelex Xobeh the Trickster
  4006 | D:4      | Received a gift from Nemelex Xobeh
  4153 | D:4      | Reached skill level 5 in Earth Magic
  5061 | D:5      | Entered Level 5 of the Dungeon
  5507 | D:5      | Reached XP level 7. HP: 44/50 MP: 4/13
  6243 | D:5      | Reached skill level 6 in Earth Magic
  6267 | D:5      | Killed from afar by an orc wizard

Skill      XL: |  1  2  3  4  5  6  7 |
---------------+----------------------+-----
Earth Magic    | 3 4 5 6 |  6.0
Spellcasting   | 2 3 4 |  4.5
Dodging        | |  1.6
Stealth        | |  1.3
Transmutations | |  0.8

Action                   |  1- 3 |  4- 6 |  7- 9 || total
-------------------------+-------+-------+-------++-------
Melee: Unarmed           |    51 |       |       ||    51
       Kick              |    20 |    31 |    15 ||    66
       Dagger            |    95 |   130 |       ||   225
       Short sword       |       |   122 |    70 ||   192
Throw: Stone             |       |       |     1 ||     1
 Cast: Sandblast         |    24 |   104 |    11 ||   139
 Abil: Draw Destruction  |       |     2 |     2 ||     4
       Draw Escape       |       |     1 |     1 ||     2
  Use: Scroll            |     2 |     2 |       ||     4
       Potion            |       |     2 |       ||     2
  Eat: Chunk             |     2 |    10 |       ||    12
       Ration            |       |       |     1 ||     1
Armor: Robe              |     5 |       |       ||     5
       Leather armour    |    64 |   142 |    44 ||   250
Dodge: Dodged            |    75 |   159 |    50 ||   284
